 Dungeon Crawl Stone Soup version 0.22-a0-395-gfed312b (webtiles) character file.

301 Kairos the Chopper (level 6, -6/56 HPs)
             Began as a Deep Dwarf Monk on May 3, 2018.
             Killed by divine providence
             ... invoked by an orc priest
              (14 damage)
             ... on level 4 of the Dungeon.
             The game lasted 00:04:15 (2145 turns).

Kairos the Chopper (Deep Dwarf Monk)                Turns: 2145, Time: 00:04:16

Health: -6/56      AC:  5    Str: 21    XL:     6   Next: 14%
Magic:  6/6        EV: 10    Int: 11    God:
Gold:   179        SH:  9    Dex: 15    Spells: 5/5 levels left

rFire    . . .     SeeInvis +   a - +0 hand axe
rCold    . . .     Gourm    .   l - +0 shield
rNeg     . . .     Faith    .   h - +0 ring mail
rPois    .         Spirit   .   (no helmet)
rElec    .         Reflect  .   (no cloak)
rCorr    .         Harm     .   (no gloves)
MR       .....                  (no boots)
Stlth    ++........             (no amulet)
HPRegen  0.00/turn              q - ring of see invisible
MPRegen  0.10/turn              (no ring)

@: mighty, non-regenerating
A: damage resistance, heal wounds, sense surroundings 1, no regeneration
a: Heal Wounds


You were on level 4 of the Dungeon.
You were very hungry.

You visited 1 branch of the dungeon, and saw 4 of its levels.

You collected 179 gold pieces.

Inventory:

Hand Weapons
 a - a +0 hand axe (weapon)
 w - a +1 flail of protection
Missiles
 x - 5 tomahawks (quivered)
Armour
 b - a +0 robe
 h - a +0 ring mail (worn)
 l - a +0 shield (worn)
Jewellery
 q - a ring of see invisible (left hand)
Scrolls
 d - 4 scrolls of remove curse {unknown}
 f - a scroll of magic mapping {unknown}
 i - a scroll of random uselessness {unknown}
 k - 4 scrolls of identify {unknown}
 n - 2 scrolls of teleportation {unknown}
 o - a scroll of enchant weapon {unknown}
 v - 2 scrolls of fog {unknown}
Potions
 g - a potion of degeneration {unknown}
 m - a potion of invisibility {unknown}
 p - a potion of berserk rage {unknown}
 r - a potion of resistance {unknown}
 s - a potion of flight {unknown}
 t - a potion of agility {unknown}
 u - a potion of lignification {unknown}
Comestibles
 c - 5 rations
 z - 5 chunks of flesh


   Skills:
 + Level 3.5 Fighting
 + Level 4.9 Axes
 + Level 2.6 Armour
 + Level 4.1 Dodging
 + Level 3.3 Stealth
 + Level 2.2 Shields


You had 5 spell levels left.
You didn't know any spells.

Dungeon Overview and Level Annotations

Branches:
Dungeon (4/15)
 Temple: D:4-7

Altars:
Gozag
Kikubaaqudgha
Qazlal
Uskayaw
Zin


Innate Abilities, Weirdness & Mutations

You are resistant to damage.
You can heal yourself by infusing magical energy.
You passively map a small area around you.
You do not regenerate.


Message History

Your shield and ring mail prevent you from hitting the iguana.
You slash the quokka skeleton!
You destroy the quokka skeleton!
You closely miss the leopard gecko. The iguana closely misses you.
The orc priest looks satisfied for a moment.
The leopard gecko barely misses you. The iguana bites you!
* * * LOW HITPOINT WARNING * * *
The iguana bites you.
* * * LOW HITPOINT WARNING * * *
Unknown command.
Your shield prevents you from hitting the iguana.
The iguana is moderately wounded.
You slash the iguana!
You kill the iguana!
You miss the leopard gecko. You block the leopard gecko's attack.
The orc priest casts a cantrip, but nothing happens.
You block the iguana's attack. The leopard gecko barely misses you.
The orc priest mumbles some strange prayers to Beogh against you.
Beogh smites you!
You die...

#. #., ##*#>......).. ,
* .##. .###......<÷.) *
, ... .#............ *
.? #...#.##...####
**#.#......###.....# *
#..o#..### ##....# **
##........* ##...#
#..######. ≈_#...# * *
#@l#### ,#...# ,
###.l...# ##...
#...!..$.##.# * #.... ,
* ####.....##.## ≈ ####.
...#....#.l# ####.
#..##..##.##.#######....
#.*#..###..........#.###
. #..##........#####.# *
#=. #........# #.#


You could see an iguana, an orc priest and a leopard gecko.

Vanquished Creatures
  A hound (D:4)
  2 orc wizards (D:4)
  An orc priest (D:3)
  An iguana (D:4)
  A worker ant (D:4)
  7 adders
  2 oozes (D:3)
  A worm (D:3)
  A dart slug (D:2)
  2 leopard geckos
  7 orcs
  3 giant cockroaches
  3 goblins
  2 hobgoblins
  3 jackals (D:3)
  7 kobolds
  2 quokkas
  A ball python (D:1)
  2 bats
  6 frilled lizards
  A quokka skeleton (D:4)
  4 rats
60 creatures vanquished.

Notes
Turn   | Place    | Note
-------+----------+-------------------------------------------
     0 | D:1      | Kairos the Deep Dwarf Monk began the quest for the Orb.
     0 | D:1      | Reached XP level 1. HP: 20/20 MP: 1/1
   644 | D:2      | Reached XP level 2. HP: 18/27 MP: 2/2
   758 | D:2      | Found a hide-covered altar of Uskayaw.
   801 | D:2      | Reached XP level 3. HP: 15/33 MP: 3/3
  1478 | D:3      | Found a glowing silver altar of Zin.
  1546 | D:3      | Reached XP level 4. HP: 39/42 MP: 4/4
  1583 | D:3      | Found an opulent altar of Gozag.
  1652 | D:3      | Reached skill level 1 in Armour
  1736 | D:3      | Found a stormy altar of Qazlal.
  1909 | D:3      | Found an ancient bone altar of Kikubaaqudgha.
  1930 | D:3      | Reached skill level 1 in Shields
  1930 | D:3      | Reached XP level 5. HP: 18/49 MP: 5/5
  2078 | D:4      | Reached XP level 6. HP: 19/56 MP: 6/6
  2145 | D:4      | Killed from afar by an orc priest

Vault maps used:
D:1:      mushboom_english_gardens
D:2:      eat_drink_and_be_merry_uskayaw, minmay_pentomino_o2
D:3:      marbit_many_paths, lemuel_doored_altar, grunt_temple_overflow_open,
          grunt_ministairs_10
D:4:      gammafunk_temple_overflow_elements, serial_shops,
          kennysheep_mini_moat, gup_sewer_entry_spiral, fedhas_altar_1

Skill      XL: |  1  2  3  4  5 |
---------------+----------------+-----
Fighting       | 3 |  3.5
Axes           | 4 |  4.9
Dodging        | 4 |  4.1
Stealth        | 3 |  3.3
Armour         | 1 2 |  2.6
Shields        | 1 2 |  2.2

Action                   |  1- 3 |  4- 6 || total
-------------------------+-------+-------++-------
Melee: Hand axe          |    91 |   118 ||   209
  Use: Potion            |     1 |     2 ||     3
 Stab: Sleeping          |     4 |     1 ||     5
  Eat: Chunk             |     2 |     1 ||     3
Armor: Ring mail         |    39 |    39 ||    78
       Robe              |     1 |       ||     1
Dodge: Dodged            |    58 |    71 ||   129
Block: Shield            |    22 |    62 ||    84

Table legend:
 A = Spawn XP
 B = Non-spawn XP
 C = Spawn XP percentage of total XP
 D = Spawn monster count
 E = Non-spawn monster count
 F = Spawn count percentage of total count
 G = Total turns spent on level
                    A         B        C        D         E        F      G
               +---------+---------+-------+---------+---------+-------+---------
         Total |       0 |     430 |   0.0 |       0 |      60 |   0.0 |  2145
               +---------+---------+-------+---------+---------+-------+---------
           D:1 |       0 |      11 |   0.0 |       0 |       8 |   0.0 |   640
           D:2 |       0 |      73 |   0.0 |       0 |      14 |   0.0 |   823
           D:3 |       0 |     131 |   0.0 |       0 |      26 |   0.0 |   547
           D:4 |       0 |     215 |   0.0 |       0 |      12 |   0.0 |   135
               +---------+---------+-------+---------+---------+-------+---------
